 Dungeon Crawl Stone Soup version 0.31.0-11-ge490571c62 (webtiles) character file.

Game seed: 1682424906631074688

59 qw the Shooter (level 3, -1/20 HPs)
             Began as a Deep Elf Hunter on Feb 3, 2024.
             Slain by Ijyb
             ... wielding a +0 club
              (5 damage)
             ... on level 3 of the Dungeon.
             The game lasted 00:00:04 (1188 turns).

qw the Shooter (Deep Elf Hunter)                    Turns: 1188, Time: 00:00:05

Health: -1/20      AC:  3    Str: 10    XL:     3   Next: 78%
Magic:  5/5        EV: 11    Int: 13    God:
Gold:   69         SH:  0    Dex: 18    Spells: 2/2 levels left

rFire   . . .        a - +0 shortbow
rCold   . . .        (shield currently unavailable)
rNeg    . . .        b - +0 ring mail
rPois   .            g - +1 helmet
rElec   .            (no cloak)
rCorr   .            (no gloves)
SInv    .            (no boots)
Will    .....        (no amulet)
Stlth   +            (no ring)
HPRegen 0.23/turn    (no ring)
MPRegen 0.09/turn

%: no passive effects
@: about to teleport, corroded, hasted, very quick
A: no striking features
a: no special abilities


You were on level 3 of the Dungeon.
You visited 1 branch of the dungeon, and saw 3 of its levels.

You collected 157 gold pieces.
You spent 88 gold pieces at shops.


   Skills:
 - Level 1.5 Fighting
 + Level 7.3 Ranged Weapons
 - Level 2.4 Dodging
 - Level 1.2 Stealth


You had 2 spell levels left.
You didn't know any spells.
Your spell library was empty.

Inventory:

Hand Weapons
 a - a +0 shortbow (weapon)
Armour
 b - a +0 ring mail (worn)
 g - a +1 helmet (worn)
Potions
 i - a potion of curing

Dungeon Overview and Level Annotations

Branches:
Dungeon (3/15)

Altars:

Shops:
D:2 *=

Annotations:
D:3 Ijyb, Robin


Message History

You shoot an arrow. The arrow hits the hobgoblin.
The hobgoblin is severely wounded.
You hear a shout!
Robin throws Ijyb at you!
A hobgoblin comes into view.
Ijyb hits you but does no damage.
A hobgoblin comes into view.
You shoot an arrow. The arrow completely misses Ijyb.
The arrow closely misses the hobgoblin.
The arrow closely misses the goblin.
The hobgoblin shouts!
The arrow hits the hobgoblin!
You kill the hobgoblin!
Robin roars a battlecry!
The goblins go into a battle-frenzy!
Ijyb hits you with a +0 club.
A frilled lizard comes into view.
1182 ||| DRINKING potion of haste.
You feel yourself speed up.
A hobgoblin comes into view.
Ijyb screams, "Level is mine!
All mine!"
Ijyb zaps a wand.
The bolt of acid hits you. The acid corrodes you!
You hear an angry hiss.
You shoot an arrow. The arrow barely misses Ijyb.
The arrow hits the hobgoblin!
You kill the hobgoblin!
Ijyb zaps a wand.
The bolt of acid misses you.
You shoot an arrow. The arrow hits Ijyb but does no damage.
Ijyb hits you with a +0 club.
You shoot an arrow. The arrow hits Ijyb but does no damage.
Robin throws the goblin at you! Ijyb hits you with a +0 club.
The goblin hits you but does no damage.
1186 ||| READING scroll of teleportation.
As you read the scroll of teleportation, it crumbles to dust.
You feel strangely unstable.
You shoot an arrow. The arrow hits Ijyb but does no damage.
Ijyb barely misses you. The goblin hits you with a +0 club.
You shoot an arrow. The arrow barely misses Ijyb.
The arrow hits the hobgoblin but does no damage.
The hobgoblin is severely wounded.
Robin says, "Kneel, worm!"
Ijyb hits you with a +0 club.
You die...

#.#
+....#####.
#.#
#.#........
#.#
#.#.####...
#.#
#.#........
#.#
#.#......##
#.#
#.#..###.#
#.# ..#..#
#.# #g#
###..# #.#
#@# #..#
#.# #g#
#.>. ...
#g# #+##
#.#


gg# #.. ... #... #.%. #.... You could see Ijyb (strong), Robin, 2 hobgoblins and
a goblin (strong).

Vanquished Creatures
  3 adders (D:2)
  A dart slug (D:1)
  A ribbon worm (D:2)
  A ball python (D:1)
  2 bats (D:1)
  5 endoplasms
  A giant cockroach (D:1)
  A goblin (D:2)
  2 hobgoblins (D:3)
  4 kobolds
  A quokka (D:1)
  3 frilled lizards (D:1)
  A rat (D:1)
26 creatures vanquished.

Notes
Turn   | Place    | Note
-------+----------+-------------------------------------------
     0 | D:1      | qw the Deep Elf Hunter began the quest for the Orb.
     0 | D:1      | Reached XP level 1. HP: 12/12 MP: 3/3
     0 | D:1      | 0 ||| qw: Version: 0.3-a-157-g843a77d
     0 | D:1      | 0 ||| qw: Game counter: 3975
     0 | D:1      | 0 ||| qw: Melee chars always use a shield: true
     0 | D:1      | 0 ||| qw: God list: Okawaru
     0 | D:1      | 0 ||| qw: Allow faded altars: false
     0 | D:1      | 0 ||| qw: Do Orc after clearing Dungeon:15 true
     0 | D:1      | 0 ||| qw: Do second Lair branch before Depths: true
     0 | D:1      | 0 ||| qw: Lair rune preference: random
     0 | D:1      | 0 ||| qw: Goals: Normal
     0 | D:1      | 0 ||| PLANNING D:1-11
    49 | D:1      | Found a faded altar of an unknown god.
    86 | D:1      | Reached XP level 2. HP: 16/16 MP: 4/4
    88 | D:1      | Reached skill level 6 in Ranged Weapons
   373 | D:1      | 373 ||| UPGRADING to +0 scale mail.
   383 | D:1      | 383 ||| DROPPING +0 leather armour.
   384 | D:1      | 384 ||| UPGRADING to +1 helmet.
   389 | D:1      | 389 ||| READING scroll labelled ZOM PIPADU.
   394 | D:1      | 394 ||| READING scroll labelled MEPRYP NUING.
   395 | D:1      | 395 ||| READING scroll labelled NUASCH COB CIB.
   395 | D:1      | 395 ||| IDENTIFYING bubbling green potion
   396 | D:1      | 396 ||| DRINKING 2 purple potions.
   397 | D:1      | 397 ||| DROPPING scroll of butterflies.
   439 | D:2      | Found Dekudyl's Jewellery Shop.
   447 | D:2      | 447 ||| SHOPLISTING +6 ring of strength (432 gold, have
                  | 96).
   447 | D:2      | 447 ||| SHOPLISTING amulet of Wishful Thinking {Faith Str+4
                  | Int+2} (715 gold, have 96).
   447 | D:2      | 447 ||| SHOPLISTING ring of fire (300 gold, have 96).
   447 | D:2      | 447 ||| SHOPLISTING ring of ice (300 gold, have 96).
   447 | D:2      | 447 ||| SHOPLISTING ring of poison resistance (240 gold,
                  | have 96).
   447 | D:2      | 447 ||| SHOPLISTING ring of protection from cold (300 gold,
                  | have 96).
   447 | D:2      | 447 ||| SHOPLISTING ring of see invisible (180 gold, have
                  | 96).
   447 | D:2      | 447 ||| SHOPLISTING ring of willpower (300 gold, have 96).
   534 | D:2      | Reached XP level 3. HP: 18/20 MP: 5/5
   534 | D:2      | 534 ||| FLEEEEING.
   535 | D:2      | 535 ||| FLEEEEING.
   536 | D:2      | 536 ||| FLEEEEING.
   553 | D:2      | Found Cimisig's Assorted Antiques.
   566 | D:2      | 566 ||| BUYING 3 scrolls labelled AJUOBOXTURPH (66 gold).
   566 | D:2      | Bought 3 scrolls labelled AJUOBOXTURPH for 66 gold pieces
   566 | D:2      | 566 ||| SHOPLISTING orcbow (77 gold, have 36).
   566 | D:2      | 566 ||| BUYING scroll labelled YDGHI DYCWYAGE TOE (22
                  | gold).
   566 | D:2      | Bought a scroll labelled YDGHI DYCWYAGE TOE for 22 gold
                  | pieces
   641 | D:2      | HP: 4/20 [ribbon worm (3)]
   748 | D:2      | Reached skill level 7 in Ranged Weapons
   976 | D:2      | 976 ||| UPGRADING to +0 ring mail.
   986 | D:2      | 986 ||| DROPPING +0 scale mail.
   987 | D:2      | 987 ||| READING 3 scrolls of identify.
   987 | D:2      | 987 ||| IDENTIFYING glowing yellow potion
   988 | D:2      | 988 ||| READING 2 scrolls of identify.
   988 | D:2      | 988 ||| IDENTIFYING 2 glowing golden potions
   989 | D:2      | 989 ||| READING scroll of identify.
   989 | D:2      | 989 ||| IDENTIFYING scroll labelled YDGHI DYCWYAGE TOE
   990 | D:2      | 990 ||| READING 3 scrolls labelled AJUOBOXTURPH.
  1091 | D:2      | 1091 ||| DROPPING 2 scrolls of vulnerability.
  1092 | D:2      | 1092 ||| DROPPING scroll of immolation.
  1093 | D:2      | 1093 ||| DROPPING 2 potions of magic.
  1094 | D:2      | 1094 ||| DROPPING potion of brilliance.
  1179 | D:3      | Noticed Robin
  1181 | D:3      | Noticed Ijyb
  1182 | D:3      | 1182 ||| DRINKING potion of haste.
  1185 | D:3      | HP: 5/20 [Robin/goblin (1)]
  1186 | D:3      | 1186 ||| READING scroll of teleportation.
  1188 | D:3      | Slain by Ijyb

Levels and vault maps discovered:
D:1:      dpeg_arrival_windows_large_door, layout_rooms,
          hellmonk_ecumenical_altar_pennies_from_heaven
D:2:      layout_basic, serial_shops, shop, nicolae_shop_hallway_stairs
D:3:      layout_basic, nicolae_goblin_pals

Skill      XL: |  1  2  3 |
---------------+----------+-----
Ranged Weapons | 6 7 |  7.3
Fighting       | |  1.5
Dodging        | |  2.4
Stealth        | |  1.2

Action                     || total
---------------------------++-------
   Fire: Shortbow          ||    77
    Use: Scroll            ||     8
         Potion            ||     2
 Armour: Scale mail        ||    12
         Ring mail         ||     9
  Dodge: Dodged            ||    12

Table legend:
 A = Non-vault XP
 B = Vault XP
 C = Vault XP percentage of total XP
 D = Non-vault monster count
 E = Vault monster count
 F = Vault count percentage of total count
                 A         B        C        D         E       F
            +---------+---------+-------+---------+---------+-------
      Total |      81 |       4 |   4.7 |      24 |       2 |   7.7
            +---------+---------+-------+---------+---------+-------
        D:1 |      24 |       0 |   0.0 |      13 |       0 |   0.0
        D:2 |      57 |       0 |   0.0 |      11 |       0 |   0.0
        D:3 |       0 |       4 | 100.0 |       0 |       2 | 100.0
            +---------+---------+-------+---------+---------+-------
